AoeStats
← 小逗瓜

Nomad

510080687Analyzed
2v2 RM · 2d ago on Sep 29, 2026· 48m 17s· 4 players
Game mode
Random Map
Map size
176×176
Population
200
Speed
Normal
Resources
Standard
Victory
Conquest
Starting age
Dark Age
Ending age
Imperial Age
RankedLock teamsTeams togetherTeam positionsShared explorationLock speedFull tech treeHidden civsTurbo modeCheats
Victory
Defeat
🇨🇳 Maya · China
932
+17
🇨🇳 Huns · China
900
+19
🇨🇳 Chinese · China
1023
-60
🇲🇽 Portuguese · Mexico
892
-15
Xcw
5:32 Loom
14:57 Feudal Age
15:54 Town Watch
18:59 Castle Age
17:12 Fletching
19:34 Padded Archer Armor
22:15 Double-Bit Axe
24:31 Wheelbarrow
24:27 Fishing Lines
24:57 Medium Warships
27:14 Bodkin Arrow
28:56 Horse Collar
30:12 Hand Cart
29:51 Gold Mining
34:17 Imperial Age
33:38 Town Patrol
35:53 Masonry
36:44 Chemistry
36:31 Bracer
37:28 Onager
38:20 Squires
38:21 Scale Mail Armor
38:32 Forging
40:30 Forging
39:41 Eagle Warrior
40:29 Stone Mining
42:29 Conscription
42:27 Leather Archer Armor
42:27 Chain Mail Armor
44:23 Fortified Wall
44:34 Ballistics
44:44 Architecture
45:32 Pikeman
47:07 Shipwright
46:57 Clinker Construction
46:58 Careening
47:11 Halberdier
49:17 Stone Shaft Mining
dxb
13:39 Feudal Age
12:54 Loom
15:44 Bloodlines
16:25 Forging
16:20 Scale Barding Armor
21:14 Castle Age
22:08 Fletching
22:19 Padded Archer Armor
23:51 Bodkin Arrow
24:12 Leather Archer Armor
23:52 Double-Bit Axe
25:35 Town Watch
26:26 Wheelbarrow
32:30 Bow Saw
38:38 Marauders
41:12 Imperial Age
40:47 Ballistics
44:57 Elite Tarkan
45:41 Husbandry
46:24 Iron Casting
46:10 Chain Barding Armor
47:30 Two-Man Saw
diossnefru1
3:03 Loom
13:35 Feudal Age
14:52 Wheelbarrow
14:15 Double-Bit Axe
14:40 Horse Collar
15:11 Fishing Lines
22:54 Castle Age
20:57 Stone Mining
22:08 Gold Mining
23:53 Hand Cart
24:02 Bow Saw
24:03 Heavy Plow
28:16 Fletching
31:15 Padded Archer Armor
34:17 Stone Shaft Mining
43:02 Imperial Age
40:04 Pikeman
41:02 Forging
41:26 Husbandry
41:37 Bloodlines
42:23 Scale Mail Armor
42:59 Iron Casting
43:25 Leather Archer Armor
43:16 Scale Barding Armor
43:05 Cavalier
47:22 Two-Man Saw
48:16 Chain Barding Armor
小逗瓜
15:45 Feudal Age
17:04 Wheelbarrow
15:54 Man-at-Arms
Connection lost

Rejoining the realm…

Still unreachable

The connection could not be restored.

Session expired

The server has moved on; the page needs a fresh start.